[Event "Polish University-ch Open 2024"]
[Site "Lublin"]
[Date "2024.02.24"]
[Round "6.6"]
[White "Szustakowski, Antoni"]
[Black "Smieszek, Wojciech"]
[Result "1-0"]
[ECO "D45"]
[WhiteElo "2354"]
[BlackElo "2130"]
[Annotator "TA"]
[PlyCount "107"]
[EventDate "2024.02.22"]
[EventType "swiss"]
[EventCountry "POL"]
[SourceTitle "playchess.com"]
[Source "ChessBase"]
[SourceQuality "1"]
[TimeControl "600+3"]

1. d4 d5 2. c4 e6 3. Nc3 Nf6 4. Nf3 c6 5. e3 Be7 6. Qc2 O-O 7. Bd3 dxc4 8. Bxc4 a6 9. O-O b5 {[%emt 0:00:52] Weiß steht etwas besser.} 10. Be2 c5 (10... Bb7 $11) 11. dxc5 $16 {[%emt 0:00:10] Weiß steht aktiver.} Nc6 12. a3 {[%emt 0:01:04] Lässt Nb4 nicht zu} b4 13. Ne4 Bb7 14. Rd1 Qc7 15. Nd6 Nd7 (15... Rfd8 $16 {ist wohl besser.}) 16. Nxb7 $18 Qxb7 {[%emt 0:00:01] [#]} 17. Nd4 $1 bxa3 (17... Nde5 {ist eine bessere Verteidigung.} 18. f4 Nxd4 19. exd4 Nc6) 18. Nxc6 ({Weniger gut wäre} 18. Rxa3 Nb4 19. c6 Qc7 $16) (18. bxa3 Rac8 19. Bf3 Ndb8) 18... Qxc6 19. Bf3 ({Nicht} 19. bxa3 Qxc5 20. Qa2 Rfd8 $14) 19... Qxc5 20. Qxc5 Nxc5 21. Bxa8 ({Minderwertig wäre} 21. Rxa3 Rab8 $11) 21... Nb3 22. Ra2 {[%emt 0:00:38] Und jetzt Bf3 wäre schön.} Nxc1 23. Rxc1 {[%emt 0:00:01] Droht Bf3 und aus.} axb2 24. Rxb2 ({Günstiger ist} 24. Rb1 $18 {Bf3 ist eine echte Drohung.} Rxa8 25. Raxb2) 24... Ba3 $1 $11 25. Rb6 Bxc1 26. Rxa6 {[%emt 0:00:01][%mdl 4096] Endspiel. KRB-KRB} Bb2 27. g4 h6 28. Kg2 Bf6 29. Kg3 g5 30. Be4 Rc8 31. Ra7 Kg7 32. h3 Rc7 33. Ra5 (33. Rxc7 $5 Be5+ $8 34. Kf3 Bxc7 35. Bc6 $11) 33... Rc3 34. Kf3 Rc7 35. Rb5 Ra7 36. Rb8 Be5 37. Rc8 Rc7 38. Rd8 Bf6 39. Ra8 Be5 40. Ke2 Bf6 41. f4 gxf4 42. exf4 Rc3 43. Bd3 Rb3 44. Ra7 Rb2+ 45. Kf3 Rf2+ 46. Kg3 (46. Kxf2 $5 Bd4+ $8 47. Ke2 Bxa7 48. h4 $11) 46... Rd2 47. Rd7 Ra2 48. h4 (48. Bc4 $5 Ra3+ $8 49. Kg2 $11) 48... Ra3 49. g5 hxg5 50. hxg5 Be7 51. Kg4 Kf8 52. Be4 Ra4 53. Bc6 {[%emt 0:00:02] [#]} e5 $2 54. Bxa4 {[%emt 0:00:07] Gewichteter Fehlerwert: Weiß=0.14 (sehr präzise) /Schwarz=0.30.  Verlustzug:     	---       	Schwarz=1     Gewinn verpasst:   	Weiß=1     	---        Fehler:       	---       	Schwarz=3     Ungenau:       	---       	Schwarz=1     OK:         	Weiß=15    	Schwarz=21    Bester:       	Weiß=3     	---        Stark:        	---       	Schwarz=1} 1-0

[Event "Polish University-ch Open 2024"]
[Site "Lublin"]
[Date "2024.02.24"]
[Round "6.7"]
[White "Klepek, Witold"]
[Black "Pacan-Milej, Kosma"]
[Result "1-0"]
[ECO "B12"]
[WhiteElo "2262"]
[BlackElo "2438"]
[Annotator "TA"]
[PlyCount "123"]
[EventDate "2024.02.22"]
[EventType "swiss"]
[EventCountry "POL"]
[SourceTitle "playchess.com"]
[Source "ChessBase"]
[SourceQuality "1"]
[TimeControl "600+3"]

1. e4 c6 2. d4 d5 3. e5 Bf5 4. c4 e6 5. Nc3 Ne7 6. h3 Nd7 7. Nf3 h6 8. b3 Nc8 9. Bb2 Be7 10. Be2 O-O 11. O-O Bh7 12. Rc1 a6 13. Bd3 Bxd3 14. Qxd3 dxc4 15. bxc4 b5 16. Qe4 (16. Ne4 $14) 16... bxc4 $11 17. Qxc6 Ncb6 18. Nd2 (18. Rfd1 $11) 18... Rc8 (18... Nxe5 $1 $17 19. dxe5 Rc8) 19. Qe4 $1 $11 Nb8 20. Nd1 Qd5 21. Ne3 Qxe4 22. Nxe4 Rfd8 23. Nd2 Na4 24. Ndxc4 Nc6 25. Ba3 (25. Rfd1 $11) 25... Bxa3 $15 (25... Rxd4 $6 26. Nd6 Rc7 27. Rc2 $11) 26. Nxa3 Nxd4 27. Rxc8 Rxc8 28. Rd1 Nc3 $1 29. Rd2 (29. Rxd4 $2 Ne2+ (29... Nxa2 $2 30. Ra4 $18) 30. Kf1 Nxd4 $19) 29... Nc6 (29... Rc5 $1 $15) 30. Nac4 $11 Nb4 31. a3 Nbd5 32. Rb2 Nb5 33. Nxd5 exd5 34. Nd6 Rc1+ 35. Kh2 Nxa3 36. Rb8+ Kh7 37. Nxf7 d4 (37... Rc7 $11 38. Nd8 g5) 38. Rd8 (38. e6 $16 Rc7 39. Rd8) 38... Nb5 (38... Kg6 $11 {keeps the balance.} 39. Nh8+ Kf5) 39. f4 $16 Kg6 (39... Rc7 $16) 40. Nd6 $2 (40. Rf8 $1 $18 d3 41. g4) 40... Rd1 $2 {[%emt 0:00:06] [#]} (40... Rc2 $11 {and Black stays safe.}) 41. f5+ $1 $18 Kg5 {[%emt 0:00:00] [#]} 42. h4+ $1 Kxh4 $2 (42... Kf4 $18) 43. e6 $2 (43. f6 {mates} gxf6 44. Rg8 Rf1 45. g3+ Kh5 46. Ne8 Nc7 47. Nxf6+ (47. Nxc7 d3 $18) 47... Rxf6 48. exf6) 43... Nxd6 $11 44. Rxd6 d3 $2 (44... Re1 $11) 45. e7 $1 (45. Rxa6 d2 46. Rd6 Kg4 $11) 45... Re1 46. Re6 d2 47. e8=Q (47. e8=B {leads to mate.} d1=Q (47... d1=R $2 48. g3+ Kg4 49. Rg6+ Kxf5 50. Kg2 $19) 48. g3+ Kg4 49. Bc6 Re2+ (49... Kxf5 50. Rxe1 Qxe1 51. Kg2 Qe2+ 52. Kh3 Qf1+ 53. Bg2 Qf2 54. Bd5 h5 55. Bg2 Kg5 56. Kh2 Kg4 57. Kh1 Kxg3 58. Be4 Qh2#) 50. Bg2 Rxg2+ (50... Kxf5 {gets mated.} 51. Rxa6 Qd5 52. Ra5 Qxa5 53. Kg1 Qe1+ 54. Kh2 Qf2 55. g4+ Kxg4 56. Kh1 Qxg2#) 51. Kxg2 Qf3+ (51... Kxf5 52. Re7 $19) 52. Kh2 Qf2+ (52... Kxf5 $2 53. Re7 $19) 53. Kh1 Kh3 (53... Kxg3 54. Rg6+ Kh3 55. Rxh6+ gxh6 56. f6 Qh2#) (53... Kxg3 54. Rg6+ Kh3 55. Rxh6+ gxh6 56. f6 Qh2#)) 47... Rxe6 48. Qd8+ Rf6 49. Qxd2 Rxf5 50. Qd4+ Kg5 51. Qxg7+ Kf4 52. Qd4+ Kg5 53. Qd8+ Kg6 54. Kg3 (54. Qd3 $142 Kf6 55. Qxa6+ Kg7 56. Qb7+ Kg6 57. Qc6+ Kg7 58. Qc7+ Kg6 59. Qd6+ Kg7 60. Qe7+ Rf7 61. Qe5+ Kg8 62. Kg3) 54... Rf6 55. Qd5 Kg7 56. Kh4 Kg6 57. Qg8+ Kf5 58. g4+ Ke5 59. Qe8+ Re6 60. Qd8 Rf6 61. Kh5 Re6 62. Qa5+ (62. Qf8 $142 Kd4 63. Qxh6 (63. Qb4+ Kd5 $18) 63... Kd5 64. Qd2+ Kc6 65. g5 Re5 66. Qa2 Kb6 67. Qf2+ Rc5 68. Kh6) 1-0

[Event "Polish University-ch Open 2024"]
[Site "Lublin"]
[Date "2024.02.24"]
[Round "6.8"]
[White "Koziorowicz, Michal"]
[Black "Dalkowski, Rafal"]
[Result "0-1"]
[ECO "B12"]
[WhiteElo "2324"]
[BlackElo "2093"]
[Annotator "TA"]
[PlyCount "108"]
[EventDate "2024.02.22"]
[EventType "swiss"]
[EventCountry "POL"]
[SourceTitle "playchess.com"]
[Source "ChessBase"]
[SourceQuality "1"]
[TimeControl "600+3"]

1. e4 c6 2. d4 d5 3. e5 Bf5 4. Nc3 e6 5. g4 Bg6 6. Nge2 h5 (6... c5 $15) 7. Nf4 $14 Bh7 8. g5 (8. gxh5 c5 $11) 8... Bf5 9. Nxh5 {[%emt 0:00:13] White is slightly better.} c5 10. Nb5 Nc6 11. Nd6+ Bxd6 12. Nxg7+ Kf8 $1 13. Nxf5 exf5 14. exd6 Qxd6 15. dxc5 Re8+ 16. Be2 $1 Qxc5 17. Be3 {[%emt 0:00:21][%mdl 8192] Against Nd4} (17. Kf1 $11 {and White has nothing to worry.} Rh4 18. g6 fxg6 19. Bg5) 17... d4 $19 18. Bf4 Qb4+ $2 (18... Rh4 $19 19. Qd2 Qc4) 19. Qd2 $14 Qb5 20. a4 (20. Qd3 {simplifies} Qxd3 21. cxd3 Nge7 22. Bg3) 20... Qd5 {[%emt 0:00:02] Repels Bd6+} (20... Qxb2 $14 21. O-O Qc3) 21. O-O $36 {[%emt 0:00:03][%mdl 2048] White is on the roll.} Nge7 22. c4 (22. Bg3 $16) 22... Qe4 $2 (22... Qc5 $1 $11) 23. f3 (23. Rae1 $1 $18 Ng6 24. Bd6+ Kg7 25. Bd1) 23... Qe6 $14 24. Bd3 {[%emt 0:00:02] Rae1 would now be deadly. This pair of bishops is nice.} Ng6 25. Rae1 Qd7 (25... Nce5 $1 $11 {and Black stays safe.} 26. Bxe5 Nxe5) 26. Rxe8+ $18 Kxe8 27. Re1+ Kf8 28. b4 a5 (28... Rh3 {was worth a try.}) 29. bxa5 Kg7 {[%emt 0:00:06] [#]} 30. Rb1 $2 (30. Bg3 $1 $18) 30... Nce5 $11 31. Be2 {[%emt 0:00:33] Hoping for Bxe5+.} d3 {[%emt 0:00:00] ...Nxf4 is the strong threat.} 32. Bd1 Qd4+ (32... Nxc4 $2 33. Qc3+ Kg8 34. Qxc4 $18) (32... Nxf4 $11 33. Qxf4 Ng6) 33. Be3 $18 Qh4 34. f4 $2 (34. Rxb7 Nxc4 35. Rb4 Nxd2 $11) ({White has to play} 34. Qf2 $18) 34... Nxc4 $11 35. Bd4+ Kg8 $2 (35... Kf8 $1 $14 36. Bc5+ (36. Qxd3 Qxh2+ 37. Kf1 Nxf4 38. Bc5+ Ke8 39. Qf3 Nd2+ 40. Ke1 Nxf3+ 41. Bxf3 Qg3+ 42. Kd2 Rh2+) (36. Qb4+ Kg8 $11) 36... Kg7 37. Bd4+ Kf8 38. Bc5+ (38. Qxd3 Qxh2+ 39. Kf1 Nxf4 40. Bc5+ Ke8 41. Qf3 Nd2+ 42. Ke1 Nxf3+ 43. Bxf3 Qg3+ 44. Kd2 Rh2+ 45. Kc3 Qxf3+) (38. Qb4+ Kg8 $11) 38... Kg8) 36. Qf2 $18 Nxf4 $2 (36... Qxf2+ {is more resistant.} 37. Bxf2 Nxa5) 37. Qxh4 Rxh4 {[%emt 0:00:00] [#]} 38. Bc3 $2 (38. a6 $1 $18 Ne3 (38... bxa6 $2 {perishes.} 39. Rb8+ Kh7 40. Rh8+ Kg6 41. Rxh4 $18) (38... Nh3+ $2 39. Kg2 $18) 39. Bxe3 bxa6 40. Rb3) 38... Ne3 {[%emt 0:00:00] White must now prevent ...Nh3+.} 39. Be1 $2 (39. Bf3 $11) 39... Nh3+ 40. Kh1 Rf4 41. Bf3 Rxf3 42. Bc3 Rf2 43. Bd4 Re2 44. Bxe3 Rxe3 {[%emt 0:00:00][%mdl 4096] Endgame. KRN-KR} 45. Kg2 {[%emt 0:00:00] Black mates.} Nxg5 46. Rxb7 d2 47. Rd7 Ne4 48. a6 Ra3 49. a7 Rxa4 50. Kf3 Kg7 51. Ke2 Ra2 52. Rc7 Ra1 53. Rd7 {[%emt 0:00:02] [#]} d1=Q+ $1 54. Rxd1 Nc3+ {[%emt 0:00:00] Quite a comeback for Black.   Weighted Error Value: White=0.47/Black=0.57.  Loses game:     	White=2     	Black=3      Missed win:     	White=3     	Black=1      Mistake:       	White=2     	Black=4      Inaccurate:     	White=4     	---        OK:         	White=10    	Black=9      Best:        	White=6     	Black=8      Strong:       	White=1     	Black=1} 0-1

[Event "Polish University-ch Open 2024"]
[Site "Lublin"]
[Date "2024.02.24"]
[Round "6.9"]
[White "Walter, Szymon"]
[Black "Kukula, Pawel"]
[Result "1-0"]
[ECO "B23"]
[WhiteElo "2305"]
[BlackElo "2135"]
[Annotator "RC"]
[PlyCount "59"]
[EventDate "2024.02.22"]
[EventType "swiss"]
[EventCountry "POL"]
[SourceTitle "playchess.com"]
[Source "ChessBase"]
[SourceQuality "1"]
[TimeControl "600+3"]

1. e4 c5 2. Nc3 Nc6 3. f4 g6 4. Nf3 Bg7 5. Bb5 Nd4 6. a4 a6 7. Bc4 d6 8. O-O e6 9. d3 Ne7 10. Nxd4 cxd4 11. Ne2 d5 12. Bb3 dxe4 13. dxe4 Nc6 14. f5 exf5 15. exf5 Bxf5 16. Ng3 Be6 17. Bxe6 fxe6 18. Qg4 Qd5 19. Bg5 Ne5 20. Qh4 Nf7 21. Bf6 Bxf6 22. Rxf6 O-O 23. Ne4 Qe5 24. Re1 Kg7 25. Rff1 Qh5 26. Qf6+ Kg8 27. Qxe6 Rae8 28. Nf6+ Kh8 29. Qxe8 Rxe8 30. Rxe8+ 1-0

[Event "Polish University-ch Open 2024"]
[Site "Lublin"]
[Date "2024.02.24"]
[Round "6.10"]
[White "Skurniak, Szymon"]
[Black "Suder, Jakub"]
[Result "0-1"]
[ECO "B20"]
[WhiteElo "2096"]
[BlackElo "2333"]
[Annotator "TA"]
[PlyCount "49"]
[EventDate "2024.02.22"]
[EventType "swiss"]
[EventCountry "POL"]
[SourceTitle "playchess.com"]
[Source "ChessBase"]
[SourceQuality "1"]
[TimeControl "600+3"]

1. e4 c5 2. b3 Nf6 3. e5 Nd5 4. Bb2 g6 5. g3 Bg7 6. Bg2 Nc7 7. Nf3 Nc6 8. O-O ({White should try} 8. d4 $11) 8... O-O (8... d6 $5) 9. Re1 d6 10. Na3 Bg4 11. Nc4 (11. Qc1 $11 {keeps the balance.}) 11... d5 $17 12. Na3 Qc8 13. c4 {[%emt 0:00:35] [#]} ({Better is} 13. Qe2) 13... d4 $1 14. Qc2 (14. d3 $17) 14... Bf5 15. Qd1 Bg4 (15... Nb4 $17 16. Nh4 Nd3) 16. Qc2 $19 Nb4 $36 {[%emt 0:00:05][%mdl 2048] Black has strong initiative.} 17. Qe4 Bf5 18. Qh4 (18. Qe2 $17 {was the only defense.}) 18... Nd3 19. Ng5 $2 {[%emt 0:01:48] [#]} (19. Rab1 {was necessary.}) 19... h6 ({Stronger than} 19... Nxb2 20. Qxh7#) 20. Ne4 Nxb2 21. Nxc5 Ne6 22. Nxe6 Qxe6 23. Bd5 Qd7 24. Qxd4 Nd3 25. Bxf7+ {[%emt 0:00:04] Weighted Error Value: White=0.53/Black=0.24 (precise) .  Mistake:       	White=7     	Black=1      Inaccurate:     	White=3     	Black=2      OK:         	White=6     	Black=7      Best:        	---       	Black=2      Strong:       	---       	Black=1} (25. Re3 $142) 0-1

[Event "Polish University-ch Open 2024"]
[Site "Lublin"]
[Date "2024.02.24"]
[Round "6.11"]
[White "Redzisz, Michal"]
[Black "Golecki, Jan"]
[Result "0-1"]
[ECO "E12"]
[WhiteElo "2229"]
[BlackElo "2185"]
[Annotator "TA"]
[PlyCount "74"]
[EventDate "2024.02.22"]
[EventType "swiss"]
[EventCountry "POL"]
[SourceTitle "playchess.com"]
[Source "ChessBase"]
[SourceQuality "1"]
[TimeControl "600+3"]

1. d4 Nf6 2. Nf3 e6 3. c4 b6 4. a3 Bb7 5. Nc3 d5 6. cxd5 Nxd5 7. Qc2 Be7 8. e4 Nxc3 9. bxc3 c5 10. Bb5+ Bc6 11. Bxc6+ (11. Bd3 $14) 11... Nxc6 $11 12. O-O O-O {[%emt 0:00:08][%cal Rc5d4] The position is equal.} 13. Rd1 cxd4 14. cxd4 Rc8 {[%emt 0:00:02][%cal Oc6d4] next ...Nxd4! is good for Black.} 15. Qe2 Na5 16. Bf4 Nc4 {[%emt 0:00:03] [#]} (16... Qd7 $11) 17. a4 (17. d5 $1 $16 {[%cal Rd5d6] aiming for d6!} Bc5 18. d6 (18. Qxc4 $2 Bxf2+ 19. Kxf2 Rxc4 $19) (18. dxe6 Qe8 $16)) 17... Bd6 18. Rac1 {[%emt 0:00:39] Strongly threatening e5.} Bxf4 19. Rxc4 Rxc4 20. Qxc4 Qc8 21. Qb3 Rd8 22. g3 Bd6 23. d5 exd5 24. Rxd5 Bc5 25. Ne5 Rf8 {[%emt 0:00:22] Black is weak on the light squares} (25... Rxd5 $11 26. Qxd5 Qc7) 26. Rd7 $16 Bxf2+ $2 27. Kxf2 $2 (27. Kg2 $1 $18) 27... Qc5+ $17 28. Kf3 Qxe5 29. Rxa7 {[%emt 0:00:02][%mdl 4096] Endgame. KQR-KQR} Qf6+ 30. Kg2 Rd8 {[%emt 0:00:12] Dodges Rd7} 31. Qe3 {[%emt 0:00:11] Against Rd2+} (31. Qc2 $15) 31... g6 32. Rb7 $2 (32. Qf2 $17 Qe6 33. e5) 32... Rd1 $2 ({Black should try} 32... Qb2+ $19 33. Kh3 Rd2 34. Rxb6 Rxh2+ 35. Kg4 h5+ (35... Qe5 $2 36. Kf3 $19) 36. Kf3 Qa1 37. Rxg6+ fxg6 38. Qb3+ Kg7 (38... Kh7 $2 39. Qf7+ Qg7 40. Qxg7+ Kxg7 41. g4 $19)) 33. Qe2 $2 (33. Qf4 $11 Qxf4 34. gxf4) 33... Qd4 $19 34. Rb8+ Kg7 {[%emt 0:00:01][%cal Od1d2] White must now prevent ...Rd2!} 35. Kh3 {[%emt 0:00:02] [#]} Rd2 $1 (35... Qxa4 36. Qb2+ Kh6 37. Qe2 $17) 36. Qf3 Qd7+ (36... Qxa4 37. Qc3+ Qd4 38. Qxd4+ Rxd4 39. Rxb6 $11) (36... Qb2 $142 37. g4 Rxh2+ (37... Qe5 $2 38. Qg3 $19) 38. Kg3 Qe5+ 39. Qf4 Rh3+ 40. Kxh3 Qxf4 41. Ra8 Qxe4 42. Rc8 h5 (42... Qxa4 $2 43. Rc3 $19) 43. gxh5 Qe6+ 44. Kg3 Qxc8 45. Kf4 gxh5 46. a5 bxa5 47. Kf3 a4 48. Kf2 a3 49. Kg3 a2 50. Kf4 a1=Q (50... a1=B {is a self mate.} 51. Ke4 Qe8+ 52. Kd5 Qb5+ 53. Ke4 Qb3 54. Kf4 Qd3 55. Kg5 Qf3 56. Kh4 Qg4#) 51. Ke3 Qe1+ (51... Qcc3+ $2 52. Kf4 Qa4+ 53. Kg5 Qg4#) 52. Kd4 Qcc3+ 53. Kd5 Qe6#) 37. Qg4 {[%emt 0:00:03] [#]} Rxh2+ $3 {[%emt 0:00:03][%mdl 512] Quite a comeback for Black.   Weighted Error Value: White=1.09/Black=0.58.  Loses game:     	White=2     	Black=1      Missed win:     	White=1     	Black=1      Mistake:       	White=3     	Black=2      Inaccurate:     	White=1     	Black=1      OK:         	White=10    	Black=7      Best:        	---       	Black=2} 0-1

[Event "Polish University-ch Open 2024"]
[Site "Lublin"]
[Date "2024.02.24"]
[Round "6.12"]
[White "Kulesza, Andrzej"]
[Black "Lukasiewicz, Krzysztof"]
[Result "1-0"]
[ECO "B19"]
[WhiteElo "2076"]
[BlackElo "2290"]
[Annotator "RC"]
[PlyCount "47"]
[EventDate "2024.02.22"]
[EventType "swiss"]
[EventCountry "POL"]
[SourceTitle "playchess.com"]
[Source "ChessBase"]
[SourceQuality "1"]
[TimeControl "600+3"]

1. e4 c6 2. d4 d5 3. Nd2 dxe4 4. Nxe4 Bf5 5. Ng3 Bg6 6. Nf3 Nd7 7. h4 h6 8. h5 Bh7 9. Bd3 Bxd3 10. Qxd3 e6 11. Bd2 Ngf6 12. O-O-O Be7 13. Kb1 O-O 14. Ne4 c5 15. Bc1 Qb6 16. Nxf6+ Nxf6 17. g4 Nxg4 18. Rdg1 f5 19. Ne5 Nxe5 20. dxe5 f4 21. Rxg7+ Kxg7 22. Qg6+ Kh8 23. Qxh6+ Kg8 24. Rg1+ 1-0

[Event "Polish University-ch Open 2024"]
[Site "Lublin"]
[Date "2024.02.24"]
[Round "6.13"]
[White "Dzida, Kamil"]
[Black "Chaczynski, Kamil"]
[Result "1-0"]
[ECO "D53"]
[WhiteElo "2403"]
[BlackElo "2118"]
[Annotator "RC"]
[PlyCount "33"]
[EventDate "2024.02.22"]
[EventType "swiss"]
[EventCountry "POL"]
[SourceTitle "playchess.com"]
[Source "ChessBase"]
[SourceQuality "1"]
[TimeControl "600+3"]

1. d4 d5 2. c4 e6 3. Nf3 Nf6 4. Nc3 Be7 5. Bg5 h6 6. Bxf6 Bxf6 7. e3 dxc4 8. Bxc4 Nd7 9. O-O O-O 10. Bb3 c5 11. Rc1 cxd4 12. exd4 Nb6 13. Re1 Bd7 14. Ne5 Rc8 15. Qg4 Re8 16. Ne4 Ba4 17. Rxc8 1-0

[Event "Polish University-ch Open 2024"]
[Site "Lublin"]
[Date "2024.02.24"]
[Round "6.14"]
[White "Chylewski, Patryk"]
[Black "Litner, Igor"]
[Result "1-0"]
[ECO "B10"]
[WhiteElo "2285"]
[BlackElo "2000"]
[Annotator "TA"]
[PlyCount "57"]
[EventDate "2024.02.22"]
[EventType "swiss"]
[EventCountry "POL"]
[SourceTitle "playchess.com"]
[Source "ChessBase"]
[SourceQuality "1"]
[TimeControl "600+3"]

1. e4 c6 2. Nf3 d5 3. d3 dxe4 4. dxe4 Qxd1+ 5. Kxd1 Bg4 6. Be2 Nd7 7. Nfd2 Bxe2+ 8. Kxe2 {[%emt 0:00:02] Die Stellung ist ausgeglichen.} e5 9. Nc4 f6 10. Be3 b5 11. Na5 {[%emt 0:00:05] Weiß steht aktiver.} Bc5 12. Nxc6 Bxe3 13. Kxe3 Rc8 (13... Ne7 $16 14. Nxe7 Kxe7) 14. Nxa7 $18 Rxc2 15. Nxb5 Rxb2 16. N1c3 Nh6 17. h3 {[%emt 0:00:27] Pariert Ng4+.} O-O 18. Rab1 Rxb1 19. Rxb1 f5 (19... Ra8 $16 20. Rb4 Nf7) 20. f3 Nc5 (20... fxe4 $16 21. fxe4 Nf7) 21. Nc7 {[%emt 0:00:46] Rb5 ist eine echte Drohung.} Rc8 (21... fxe4 {war einen Versuch wert.} 22. fxe4 Nf7) 22. N7d5 {[%emt 0:00:26] [#] Droht stark Ne7+.} Ra8 23. Rb5 Na4 24. Ne2 ({Besser ist} 24. Nxa4 $18 Rxa4 25. Nc3) 24... g6 (24... fxe4 $16 25. Kxe4 (25. fxe4 Nf7 $16) 25... Nf7) 25. Ne7+ Kf7 26. Nc6 {[%emt 0:00:01] Weiß hat entscheidenden Vorteil.} ({Schwächer ist} 26. Rxe5 fxe4 27. Nc6 (27. fxe4 Nb2 $11) (27. Rxe4 Nc5 $14) (27. Kxe4 Nb6 $14) 27... Nb6 $16) 26... fxe4 27. Nxe5+ Kg8 28. fxe4 Nf7 29. Nxf7 {[%emt 0:00:08] Gewichteter Fehlerwert: Weiß=0.15 (sehr präzise) /Schwarz=0.27 (präzise) .  Fehler:       	Weiß=1     	Schwarz=5     Ungenau:       	---       	Schwarz=2     OK:         	Weiß=12    	Schwarz=9     Bester:       	Weiß=1     	---} 1-0

[Event "Polish University-ch Open 2024"]
[Site "Lublin"]
[Date "2024.02.24"]
[Round "6.15"]
[White "Namyslak, Piotr"]
[Black "Pniaczek, Marek"]
[Result "1-0"]
[ECO "A36"]
[WhiteElo "1763"]
[BlackElo "2116"]
[Annotator "RC"]
[PlyCount "95"]
[EventDate "2024.02.22"]
[EventType "swiss"]
[EventCountry "POL"]
[SourceTitle "playchess.com"]
[Source "ChessBase"]
[SourceQuality "1"]
[TimeControl "600+3"]

1. c4 e6 2. e4 c5 3. Nc3 Nc6 4. g3 g6 5. Bg2 Bg7 6. Nge2 Nge7 7. f4 d6 8. O-O O-O 9. b3 b6 10. Bb2 Bb7 11. Na4 Nd4 12. Bxd4 cxd4 13. d3 d5 14. cxd5 exd5 15. e5 Nf5 16. Qd2 Ne3 17. Rfc1 Nxg2 18. Kxg2 f6 19. exf6 Bxf6 20. Ng1 Re8 21. Re1 Re3 22. Re2 Qe7 23. Rae1 Re8 24. Nb2 Ba6 25. Kh1 Qc5 26. Nd1 Rxe2 27. Rxe2 Rc8 28. Nf2 Qc3 29. Qd1 Qc1 30. Qxc1 Rxc1 31. Re6 Kf7 32. Re2 Rc3 33. Rd2 Bc8 34. Kg2 h5 35. Ne2 Rc7 36. h3 Re7 37. Ng1 Ba6 38. Re2 Rc7 39. Nf3 Rc3 40. Rd2 Rc1 41. g4 hxg4 42. hxg4 Bc8 43. g5 Bg7 44. Kg3 Bf5 45. Ng4 Rc3 46. Nge5+ Ke6 47. Nxd4+ Kd6 48. Nb5+ 1-0

[Event "Polish University-ch Open 2024"]
[Site "Lublin"]
[Date "2024.02.24"]
[Round "6.16"]
[White "Majdanski, Maksymilian"]
[Black "Golenia, Wojciech"]
[Result "0-1"]
[ECO "E18"]
[WhiteElo "2002"]
[BlackElo "2212"]
[Annotator "RC"]
[PlyCount "64"]
[EventDate "2024.02.22"]
[EventType "swiss"]
[EventCountry "POL"]
[SourceTitle "playchess.com"]
[Source "ChessBase"]
[SourceQuality "1"]
[TimeControl "600+3"]

1. d4 Nf6 2. Nf3 e6 3. g3 b6 4. Bg2 Bb7 5. O-O Be7 6. c4 O-O 7. Nc3 Ne4 8. Bd2 d5 9. cxd5 exd5 10. Rc1 Nd7 11. Bf4 c5 12. Nxe4 dxe4 13. Nd2 Nf6 14. Be5 Re8 15. e3 Qd5 16. g4 cxd4 17. Bxd4 Rad8 18. h3 Qxa2 19. Ra1 Qe6 20. Rxa7 Bd5 21. Ra6 Nd7 22. Qe2 Bd6 23. Rc1 Bb8 24. Qb5 Qd6 25. Bxb6 Bb7 26. Bc5 Bxa6 27. Bxd6 Bxb5 28. Bxb8 Rxb8 29. Nxe4 Rec8 30. Rxc8+ Rxc8 31. Nd6 Rc1+ 32. Kh2 Bc6 0-1

[Event "Polish University-ch Open 2024"]
[Site "Lublin"]
[Date "2024.02.24"]
[Round "6.17"]
[White "Golenia, Jan"]
[Black "Poplawski, Maciej"]
[Result "1-0"]
[ECO "E90"]
[WhiteElo "2221"]
[BlackElo "1900"]
[Annotator "RC"]
[PlyCount "65"]
[EventDate "2024.02.22"]
[EventType "swiss"]
[EventCountry "POL"]
[SourceTitle "playchess.com"]
[Source "ChessBase"]
[SourceQuality "1"]
[TimeControl "600+3"]

1. d4 Nf6 2. c4 c5 3. d5 d6 4. Nc3 g6 5. e4 Bg7 6. Nf3 O-O 7. h3 Bd7 8. Bd3 Na6 9. O-O Nc7 10. Re1 a6 11. a4 b5 12. e5 dxe5 13. Nxe5 bxc4 14. Bxc4 Nce8 15. Be3 Qc7 16. Nd3 Nd6 17. Ba2 c4 18. Nc5 Rfb8 19. Qe2 Rb4 20. Bd4 Nf5 21. Bxf6 Bxf6 22. Nxd7 Qxd7 23. Bxc4 Nd4 24. Qd3 Rxb2 25. Rab1 Rxb1 26. Rxb1 Qc7 27. Ne4 Be5 28. Bxa6 Qa5 29. Bc4 Qxa4 30. d6 exd6 31. f4 Bg7 32. Nxd6 Qa7 33. Kh1 1-0

[Event "Polish University-ch Open 2024"]
[Site "Lublin"]
[Date "2024.02.24"]
[Round "6.18"]
[White "Pytel, Maciej"]
[Black "Galuszka, Tomasz"]
[Result "1-0"]
[ECO "A03"]
[WhiteElo "1965"]
[BlackElo "2181"]
[Annotator "RC"]
[PlyCount "109"]
[EventDate "2024.02.22"]
[EventType "swiss"]
[EventCountry "POL"]
[SourceTitle "playchess.com"]
[Source "ChessBase"]
[SourceQuality "1"]
[TimeControl "600+3"]

1. f4 d5 2. Nf3 Nf6 3. g3 g6 4. Bg2 Bg7 5. O-O O-O 6. d3 c5 7. Qe1 Nc6 8. c3 d4 9. Na3 Nd5 10. Bd2 e5 11. fxe5 Nxe5 12. Nxe5 Bxe5 13. c4 Nc7 14. b4 Ne6 15. bxc5 Nxc5 16. Bh6 Re8 17. Qf2 f5 18. Nc2 Be6 19. Rab1 Qd7 20. Nb4 Rac8 21. Nd5 b6 22. Bg5 Kg7 23. Bf4 Bxd5 24. Bxe5+ Rxe5 25. Qxd4 Qd6 26. Bxd5 Ne6 27. Qf2 Re8 28. e4 Ng5 29. Qb2 fxe4 30. dxe4 Kh6 31. Qc1 Kg7 32. Kg2 Qd7 33. Kh1 R8e7 34. Qb2 Kh6 35. Rf4 Nxe4 36. Rh4+ Kg5 37. Qc1+ Kf6 38. Bxe4 Rxe4 39. Qc3+ Kg5 40. Rxe4 Rxe4 41. Rf1 Qd4 42. Qxd4 Rxd4 43. Rf7 a5 44. Rb7 Rxc4 45. Rxb6 Rc1+ 46. Kg2 Rc2+ 47. Kf3 Rxa2 48. h4+ Kh6 49. Rb7 Ra4 50. Ra7 Ra2 51. Kf4 Rf2+ 52. Ke3 Rf5 53. g4 Re5+ 54. Kf4 Rb5 55. g5+ 1-0